 Dungeon Crawl Stone Soup version 0.30.1-11-g7821555f0a (webtiles) character file.

Game seed: 15142767992132932464

259296 groovy9 the Slayer (level 19, -15/191 HPs)
             Began as a Minotaur Berserker on Jan 11, 2024.
             Was the Champion of Trog.
             Killed from afar by a deep elf sorcerer (29 damage)
             ... with a bolt of acid
             ... on level 3 of the Elven Halls on Jan 12, 2024.
             The game lasted 02:12:02 (39755 turns).

groovy9 the Slayer (Minotaur Berserker)            Turns: 39755, Time: 02:12:03

Health: -15/191    AC: 37    Str: 39    XL:     19   Next: 14%
Magic:  18/18      EV: 13    Int:  2    God:    Trog [******]
Gold:   1884       SH:  0    Dex:  9    Spells: 18/18 levels left

rFire   . . .        Y - +1 broad axe (vamp)
rCold   + + +        (no shield)
rNeg    . . .        i - +9 plate armour {rC+}
rPois   +            p - +1 hat {Will+}
rElec   +            D - +2 cloak "Vixzat" {Str+3 SInv}
rCorr   .            n - +0 pair of gloves
SInv    +            P - +0 pair of boots
Will    +++++        K - amulet "Koemuolu" {Faith Will+ SInv} Stlth
                     M - ring "Wayga" {rElec rPois rC+ Str+3 Int-2}
HPRegen 1.51/turn    I - ring "Sagoum" {rC+ Str+2 Slay+4}
MPRegen 0.16/turn

%: faith
@: lethally poisoned (-15 -> -23), strong-willed, on berserk cooldown,
regenerating, slowed, very slow
A: horns 2, retaliatory headbutt
}: 2/15 runes: decaying, gossamer
a: Renounce Religion, Berserk, Trog's Hand, Brothers in Arms


You were on level 3 of the Elven Halls.
You worshipped Trog.
Trog was exalted by your worship.
You visited 6 branches of the dungeon, and saw 32 of its levels.
You also visited: Ossuary.

You collected 5821 gold pieces.
You spent 3937 gold pieces at shops.

Inventory:

Hand Weapons
 g - a +5 executioner's axe of flaming
 C - a +5 battleaxe of flaming
 Q - the +3 battleaxe of Zoyt {heavy, rN+++ Str-5 SInv}
   (Trog gifted it to you on level 13 of the Dungeon)

   Str:       It affects your strength (-5).
   rN:        It renders you almost immune to negative energy.
   SInv:      It lets you see invisible.
 Y - a +1 vampiric broad axe (weapon)
Missiles
 L - a throwing net (quivered)
Armour
 i - a +9 plate armour of cold resistance (worn)
 n - a +0 pair of gloves (worn)
 p - a +1 hat of willpower (worn)
 D - the +2 cloak "Vixzat" (worn) {Str+3 SInv}
   (You found it on level 13 of the Dungeon)

   Str:       It affects your strength (+3).
   SInv:      It lets you see invisible.
 P - a +0 pair of boots (worn)
Jewellery
 j - a ring of flight
 x - an amulet of reflection
 I - the ring "Sagoum" (right hand) {rC+ Str+2 Slay+4}
   (You bought it in a shop on level 2 of the Orcish Mines)

   [ring of slaying]

   Str:       It affects your strength (+2).
   Slay:      It affects your accuracy & damage with ranged weapons and melee
   (+4).
   rC:        It protects you from cold.
 K - the amulet "Koemuolu" (around neck) {Faith Will+ SInv}
   (You found it on level 2 of the Swamp)

   [amulet of faith]

   It allows you to gain divine favour quickly.
   SInv:      It lets you see invisible.
   Will:      It increases your willpower.
 M - the ring "Wayga" (left hand) {rElec rPois rC+ Str+3 Int-2}
   (You bought it in a shop on level 2 of the Orcish Mines)

   [ring of poison resistance]

   Str:       It affects your strength (+3).
   Int:       It affects your intelligence (-2).
   rC:        It protects you from cold.
   rElec:     It insulates you from electricity.
   rPois:     It protects you from poison.
 T - a ring of resist corrosion
 U - the ring of Fetita {*Slow rN++ Dex+6}
   (You took it off a kobold brigand on level 13 of the Dungeon)

   [ring of dexterity]

   Dex:       It affects your dexterity (+6).
   rN:        It greatly protects you from negative energy.
   *Slow:     It may slow you when you take damage.
Wands
 l - a wand of flame (52)
 m - a wand of digging (13)
 q - a wand of iceblast (25)
 t - a wand of acid (26)
 w - a wand of charming (28)
 J - a wand of mindburst (29)
 W - a wand of polymorph (5)
Scrolls
 f - a scroll of magic mapping
 k - 6 scrolls of fear
 r - 8 scrolls of teleportation
 v - 4 scrolls of noise
 z - 3 scrolls of fog
 A - 12 scrolls of identify
 B - 4 scrolls of butterflies
 O - 4 scrolls of blinking
 R - 3 scrolls of poison
 X - a scroll of silence
Potions
 a - 2 potions of haste
 b - 2 potions of might
 c - 13 potions of curing
 d - 2 potions of degeneration
 e - 2 potions of brilliance
 h - 3 potions of cancellation
 o - 3 potions of magic
 s - 2 potions of heal wounds
 u - 4 potions of attraction
 E - 7 potions of ambrosia
 F - 4 potions of mutation
 G - 2 potions of berserk rage
 H - 6 potions of flight
 N - 2 potions of invisibility
 S - a potion of resistance
Miscellaneous
 y - a tin of tremorstones (2/2)
 V - a piece from Xom's chessboard (15/15)


   Skills:
 - Level 21.7 Fighting
 - Level 20.9 Axes
 - Level 21.5 Armour
 - Level 14.0 Dodging
 * Level 11.4 Evocations


You had 18 spell levels left.
You didn't know any spells.
Your spell library was empty.

Dungeon Overview and Level Annotations

Branches:
Dungeon (14/15)            Temple (0/1) D:7            Lair (5/5) D:11
  Swamp (4/4) Lair:3       Spider (4/4) Lair:3        Slime (0/5) Lair:4
    Orc (2/2) D:10            Elf (3/3) Orc:2        Vaults (0/5) D:13
Ossuary (visited)

Altars:
Cheibriados
Hepliaklqana
Kikubaaqudgha
Okawaru
Uskayaw
Xom
Zin
Jiyva

Shops:
D:3 *   D:8 !   Orc:2 *(=(*!=   Elf:1 *?   Elf:3 =

Portals:
Trove: Elf:1 (show abyssal rune of Zot)


Innate Abilities, Weirdness & Mutations

You have a pair of horns on your head.
You reflexively headbutt those who attack you in melee.


Message History

You feel very sick.
The deep elf blademaster hits you but does no damage.
You are more poisoned.
The deep elf blademaster hits you but does no damage.
You are more poisoned.
A deep elf blademaster comes into view.
It is wielding two +2 short swords of venom.
You carve the deep elf blademaster like a ham!!!!
You kill the deep elf blademaster!
Trog accepts your kill.
You barely miss the deep elf sorcerer.
You feel extremely sick.
The deep elf sorcerer points at you and mumbles some strange words.
The bolt of acid misses you.
You slice the deep elf sorcerer!!
The deep elf sorcerer is moderately wounded.
You are no longer berserk.
You are exhausted.
You feel yourself slow down.
You feel extremely sick.
The deep elf sorcerer barely misses you.
The deep elf high priest mumbles some strange prayers to its god.
The deep elf high priest begins emitting a brilliant aura!
The deep elf sorcerer is empowered by the deep elf high priest's aura!
You feel a sense of dread.
Y - a +1 vampiric broad axe (weapon)
You feel very sick.
The deep elf high priest calls down the wrath of its god upon you.
Something smites you!
* * * LOW HITPOINT WARNING * * *
The deep elf demonologist mumbles some strange words.
You closely miss the deep elf sorcerer. You headbutt the deep elf sorcerer.
The deep elf sorcerer is moderately wounded.
You feel very sick.
The deep elf sorcerer barely misses you.
The deep elf annihilator casts a spell.
The deep elf annihilator blinks!
The deep elf demonologist mumbles some strange words.
The deep elf sorcerer points at you and mumbles some strange words.
The bolt of acid hits you!!
You die... eee eee ##e## #.4.# #...# eee

## #e##.# ##
##@e..# ###.
#..)..# #...
#..).######
#...
#..)..)...##
#...
#########..#
###. ##.##
## #..# ##.#
#.#####


You could see 2 deep elf blademasters, 2 deep elf annihilators, a deep elf death
mage (empowered), 2 deep elf sorcerers, 2 deep elf demonologists, 3 deep elf
high priests and a rust devil (summoned).

Vanquished Creatures
  3 deep elf blademasters
  The ghost of Teolag the Grappler, an adept TrMo of Jiyva (Spider:4)
  A thorn hunter (Swamp:4)
  Frances (Swamp:2)
  The ghost of Matygoc the Slicer, an adept HaSk of Okawaru (Swamp:2)
  A fenstrider witch (Swamp:4)
  3 deep elf sorcerers (Elf:3)
  The ghost of Angrytalen2 the Executioner, an adept MiGl of Hepliaklqana (Spider:4)
  11 emperor scorpions
  Louise (D:14)
  The ghost of gummybears the Brawler, a journeyman TrFi of Wu Jian (Orc:2)
  A deep elf elementalist (Elf:3)
  3 ghost moths (Spider:4)
  Nessos (D:14)
  A broodmother (Spider:3)
  5 deep elf demonologists
  2 eleionomae
  2 deep elf annihilators (Elf:3)
  4 bunyips
  2 spark wasps
  A deep elf death mage (Elf:3)
  Josephine (Lair:4)
  A deep elf high priest (Elf:3)
  A ragged hierophant (Elf:2)
  A peacekeeper (Elf:2)
  4 entropy weavers
  2 shambling mangroves
  2 ice dragons
  3 catoblepae (Lair:5)
  2 jorogumos
  24 hydras
  An ogre mage (D:13)
  5 boulder beetles
  5 alligators
  2 radroaches
  A ghost crab (Swamp:2)
  5 centaur warriors
  7 two-headed ogres
  2 tengu warriors (D:13)
  A death scarab (Spider:4)
  29 dancing weapons
  9 death yaks (Lair:5)
  3 orc high priests
  A skyshark (Lair:3)
  Amaemon (Lair:2)
  20 deep elf knights
  5 skeletal warriors
  A goliath frog (Swamp:2)
  2 sun moths (Spider:2)
  A pharaoh ant (Spider:4)
  2 spriggan druids
  12 swamp dragons
  12 slime creatures (D:12)
  13 orb spiders
  A wizard (D:14)
  4 bog bodies
  19 deep elf archers
  10 steelbarb worms
  9 orc knights (Orc:2)
  30 deep elf pyromancers
  33 deep elf zephyrmancers
  19 wolf spiders
  7 orc sorcerers
  An ugly thing (D:13)
  5 manticores
  11 elephants
  A will-o-the-wisp (Swamp:3)
  4 cyclopes
  2 moths of wrath (Spider:4)
  7 black mambas
  6 demonic crawlers
  8 torpor snails
  9 cane toads
  Maggie (D:6)
  A gargoyle (D:13)
  4 centaur skeletons (D:13)
  2 rime drakes (Lair:5)
  An orange demon (Lair:2)
  An unseen horror (D:12)
  A tengu conjurer (D:13)
  7 komodo dragons
  2 bloated husks (Swamp:2)
  8 tyrant leeches
  5 hornets
  2 meliai (shapeshifter)
  6 meliai
  10 trolls
  7 saltlings
  A hornet (shapeshifter) (D:13)
  10 blink frogs
  7 polar bears
  14 tarantellas
  Grinder (D:3)
  18 culicivoras
  7 wraiths
  27 jumping spiders
  A vampire (D:11)
  3 water elementals
  A centaur simulacrum (D:11)
  3 air elementals
  62 yaks
  3 spriggans (Swamp:3)
  3 fire elementals
  8 wyverns
  A basilisk (Lair:3)
  61 redbacks
  A steam dragon (D:9)
  12 vampire mosquitoes
  4 wargs
  15 swamp worms
  17 water moccasins
  Duvessa (D:6)
  7 swamp drakes (Swamp:4)
  An ice beast (D:5)
  21 orc warriors
  7 ogres
  2 sky beasts (D:6)
  3 black bears
  14 centaurs
  A boggart (D:13)
  9 wolves
  2 phantoms
  6 kobold brigands
  2 elf zombies (Ossuary)
  12 bullfrogs
  An earth elemental (Elf:2)
  A gnoll sergeant (D:5)
  3 scorpions
  9 wights
  Dowan (D:6)
  6 killer bees (D:6)
  9 howler monkeys
  An electric eel (Lair:4)
  8 hounds
  5 jellies
  14 orc priests
  6 iguanas
  3 sleepcaps
  22 orc wizards
  2 boggart simulacra (D:11)
  2 mummies (Ossuary)
  10 adders
  5 gnolls (D:5)
  A white imp (D:7)
  An ufetubus (D:5)
  3 adder zombies (Ossuary)
  2 worms
  57 orcs
  7 ball pythons
  4 bats
  10 endoplasms
  3 giant cockroaches
  7 goblins
  6 hobgoblins
  8 jackals
  19 kobolds
  2 quokkas
  A frilled lizard (D:1)
  A goblin zombie (Ossuary)
  11 hobgoblin zombies (Ossuary)
  12 kobold zombies (Ossuary)
  5 orc zombies (Ossuary)
  4 rats
  2 rat zombies (Ossuary)
1114 creatures vanquished.

Vanquished Creatures (others)
  A deep elf knight (Elf:1)
  A swamp dragon (Swamp:2)
  4 bloated husks
  A tyrant leech (Swamp:3)
  A swamp drake (Swamp:2)
  4 foxfires (Swamp:3)
12 creatures vanquished.

Grand Total: 1126 creatures vanquished

Notes
Turn   | Place    | Note
-------+----------+-------------------------------------------
     0 | D:1      | groovy9 the Minotaur Berserker began the quest for the Orb.
     0 | D:1      | Reached XP level 1. HP: 19/19 MP: 0/0
   200 | D:1      | Reached XP level 2. HP: 23/27 MP: 1/1
   531 | D:1      | Found a faded altar of an unknown god.
   848 | D:2      | Reached XP level 3. HP: 19/33 MP: 2/2
  1006 | D:2      | Reached ** piety under Trog
  1766 | D:3      | Found a hazy altar of Hepliaklqana.
  1784 | D:3      | Found a shimmering altar of Xom.
  1798 | D:3      | Reached skill level 5 in Axes
  1798 | D:3      | Reached XP level 4. HP: 40/40 MP: 3/3
  1993 | D:3      | Noticed Grinder
  2003 | D:3      | Killed Grinder
  2004 | D:3      | Reached skill level 5 in Fighting
  2004 | D:3      | Reached XP level 5. HP: 39/48 MP: 4/4
  2004 | D:3      | Reached XP level 6. HP: 45/56 MP: 5/5
  2098 | D:3      | Found Fuanoyho's General Store.
  2718 | D:4      | Reached XP level 7. HP: 55/62 MP: 6/6
  2762 | D:4      | Found a glowing silver altar of Zin.
  2812 | D:4      | Reached skill level 5 in Armour
  3066 | D:4      | Found a hide-covered altar of Uskayaw.
  3066 | D:4      | Found an iron altar of Okawaru.
  3068 | D:4      | Found a snail-covered altar of Cheibriados.
  3518 | D:5      | Entered Level 5 of the Dungeon
  3752 | D:5      | Reached XP level 8. HP: 47/71 MP: 7/7
  4008 | D:5      | Reached *** piety under Trog
  5123 | D:6      | Reached skill level 10 in Axes
  5518 | D:6      | Reached XP level 9. HP: 81/81 MP: 8/8
  5808 | D:6      | Noticed Maggie
  5818 | D:6      | Killed Maggie
  6355 | D:6      | Noticed Duvessa
  6356 | D:6      | Noticed Dowan
  6359 | D:6      | Killed Duvessa
  6362 | D:6      | Killed Dowan
  6569 | D:7      | Found a sand-covered staircase.
  6575 | Ossuary  | Entered an ossuary
  6644 | Ossuary  | Reached **** piety under Trog
  7012 | D:7      | Found a staircase to the Ecumenical Temple.
  7028 | D:7      | Reached XP level 10. HP: 32/83 MP: 9/9
  7930 | D:8      | Found Hoblil's Distillery.
  8880 | D:9      | Reached skill level 10 in Fighting
  9419 | D:9      | Reached skill level 10 in Armour
  9688 | D:3      | Bought a +3 plate armour of cold resistance for 495 gold
                  | pieces
  9862 | D:10     | Entered Level 10 of the Dungeon
 10416 | D:10     | Found a staircase to the Orcish Mines.
 10586 | D:10     | Found an ancient bone altar of Kikubaaqudgha.
 10671 | D:10     | Reached XP level 11. HP: 101/101 MP: 10/10
 10892 | Orc:1    | Entered Level 1 of the Orcish Mines
 11097 | Orc:2    | Entered Level 2 of the Orcish Mines
 11097 | Orc:2    | Found Ezots's Weapon Shoppe.
 11240 | Orc:2    | Noticed an orc knight
 11244 | Orc:2    | Found Lifys's Assorted Antiques.
 11254 | Orc:2    | Killed an orc knight
 11259 | Orc:2    | Bought 3 scrolls of enchant weapon for 630 gold pieces
 11308 | Orc:2    | Noticed an orc knight
 11315 | Orc:2    | Killed an orc knight
 11316 | Orc:2    | Reached skill level 15 in Axes
 11373 | Orc:2    | Found a runed translucent door.
 11385 | Orc:2    | Noticed a two-headed ogre
 11388 | Orc:2    | Found a shimmering altar of Xom.
 11388 | Orc:2    | Noticed gummybears's ghost (journeyman TrFi)
 11389 | Orc:2    | Noticed a +2 great mace of chaos
 11395 | Orc:2    | Killed a two-headed ogre
 11635 | Orc:2    | Found a staircase to the Elven Halls.
 11756 | Orc:2    | Noticed an orc knight
 11760 | Orc:2    | Noticed an orc knight
 11765 | Orc:2    | Killed an orc knight
 11766 | Orc:2    | Killed an orc knight
 11956 | Orc:2    | Noticed an orc sorcerer
 11956 | Orc:2    | Noticed an orc sorcerer
 11956 | Orc:2    | Noticed an orc knight
 11956 | Orc:2    | Noticed an orc knight
 11958 | Orc:2    | Noticed an orc high priest
 11961 | Orc:2    | Killed an orc sorcerer
 11965 | Orc:2    | Killed an orc knight
 11966 | Orc:2    | Killed an orc sorcerer
 11967 | Orc:2    | Killed an orc knight
 11972 | Orc:2    | Killed an orc high priest
 11973 | Orc:2    | Reached XP level 12. HP: 94/113 MP: 11/11
 11976 | Orc:2    | Found Borowon's Jewellery Shop.
 11986 | Orc:2    | Found Irolaa's Distillery.
 12183 | Orc:2    | Found Pitojur's Antique Weapon Shoppe.
 12441 | Orc:2    | Found Xeghepp's Jewellery Shop.
 12613 | Orc:2    | Found Gura's General Store.
 13061 | D:11     | Noticed an ice dragon
 13073 | D:11     | Killed an ice dragon
 13123 | D:11     | Identified the +5 battleaxe of Woureil {freeze, Dex+4}
 13445 | D:11     | Noticed a boulder beetle
 13459 | D:11     | Killed a boulder beetle
 13460 | D:11     | Reached ***** piety under Trog
 13700 | D:11     | Found a staircase to the Lair.
 14092 | D:11     | Noticed a two-headed ogre
 14098 | D:11     | Killed a two-headed ogre
 14099 | D:11     | Reached XP level 13. HP: 97/123 MP: 12/12
 14374 | Lair:1   | Entered Level 1 of the Lair of Beasts
 14391 | Lair:1   | Identified the +11 bardiche "Fibb" {freeze, Will+}
 15255 | Lair:2   | Noticed Amaemon
 15273 | Lair:2   | Killed Amaemon
 16602 | Lair:3   | Received a gift from Trog
 16944 | Lair:3   | Found a hole to the Spider Nest.
 17761 | Lair:3   | Found a staircase to the Swamp.
 18649 | Lair:4   | Reached skill level 15 in Fighting
 18705 | Lair:4   | Reached skill level 15 in Armour
 18725 | Lair:4   | Reached XP level 14. HP: 116/135 MP: 13/13
 18729 | Lair:4   | Noticed Josephine
 18741 | Lair:4   | Killed Josephine
 18817 | Lair:4   | Received a gift from Trog
 18952 | Lair:4   | Found a staircase to the Slime Pits.
 18970 | Lair:4   | Found a viscous altar of Jiyva.
 19477 | Lair:5   | Entered Level 5 of the Lair of Beasts
 20533 | Orc:2    | Bought the ring "Sagoum" {rC+ Str+2 Slay+4} for 1154 gold
                  | pieces
 20756 | Swamp:1  | Entered Level 1 of the Swamp
 21006 | Swamp:1  | Reached skill level 5 in Dodging
 21135 | Swamp:1  | You fall into a shaft and drop 1 floor!
 21193 | Swamp:2  | Received a gift from Trog
 21207 | Swamp:2  | Noticed Frances
 21213 | Swamp:2  | Killed Frances
 21222 | Swamp:2  | Reached XP level 15. HP: 48/147 MP: 14/14
 21658 | Swamp:2  | Found a runed translucent gate.
 21659 | Swamp:2  | Found a runed translucent gate.
 21664 | Swamp:2  | Found a runed translucent gate.
 21725 | Swamp:2  | Noticed Matygoc's ghost (adept HaSk)
 21983 | Swamp:2  | Identified the amulet "Koemuolu" {Faith Will+ SInv}
 22473 | Swamp:2  | Killed Matygoc's ghost
 22612 | Spider:1 | Entered Level 1 of the Spider Nest
 22704 | Spider:1 | Noticed an emperor scorpion
 22708 | Spider:1 | Killed an emperor scorpion
 23787 | Spider:2 | Received a gift from Trog
 23993 | Spider:2 | Identified a scroll of acquirement
 23994 | Spider:2 | Acquired 548 gold pieces
 24173 | Spider:2 | Noticed an emperor scorpion
 24184 | Spider:2 | Killed an emperor scorpion
 25880 | Swamp:3  | Reached XP level 16. HP: 137/159 MP: 15/15
 26146 | Swamp:3  | Acquired 497 gold pieces
 26396 | Orc:2    | Bought the ring "Wayga" {rElec rPois rC+ Str+3 Int-2} for
                  | 517 gold pieces
 26467 | Orc:2    | Bought a scroll of brand weapon for 171 gold pieces
 26534 | Orc:2    | Killed gummybears's ghost
 27012 | Swamp:4  | Entered Level 4 of the Swamp
 27020 | Swamp:4  | Received a gift from Trog
 27218 | Swamp:4  | Reached skill level 10 in Dodging
 27440 | Swamp:4  | Got a decaying rune of Zot
 27737 | Swamp:4  | Noticed a thorn hunter
 27751 | Swamp:4  | Killed a thorn hunter
 28540 | D:3      | Bought a scroll of enchant weapon for 82 gold pieces
 28820 | Orc:2    | Bought a potion of heal wounds for 80 gold pieces
 28820 | Orc:2    | Bought a potion of heal wounds for 80 gold pieces
 29262 | Spider:3 | Received a gift from Trog
 29277 | Spider:3 | HP: 1/162 [disintegration (47)]
 29812 | Spider:3 | Acquired 495 gold pieces
 30632 | Elf:1    | Entered Level 1 of the Elven Halls
 30837 | Elf:1    | Reached XP level 17. HP: 121/171 MP: 16/16
 30837 | Elf:1    | Reached ****** piety under Trog
 31023 | Elf:1    | Received a gift from Trog
 31276 | Elf:1    | Noticed an Ice Fiend
 31719 | Elf:1    | Found a portal to a secret trove of treasure.
 31763 | Elf:1    | Received a gift from Trog
 31814 | Elf:1    | Found Cak Tasch's Magic Scroll Boutique.
 31822 | Elf:1    | Bought a scroll of acquirement for 728 gold pieces
 31822 | Elf:1    | Acquired 834 gold pieces
 32297 | Elf:1    | Found Quase's Assorted Antiques.
 32627 | Elf:2    | Found a crumbling gateway.
 33398 | Elf:2    | Received a gift from Trog
 33668 | Elf:2    | Found a runed translucent gate.
 33669 | Elf:2    | Found a runed translucent gate.
 33669 | Elf:2    | Found a runed translucent gate.
 33850 | Elf:2    | Noticed a deep elf blademaster
 33865 | Elf:2    | Killed a deep elf blademaster
 34481 | Elf:2    | Reached XP level 18. HP: 182/182 MP: 17/17
 35442 | D:13     | Reached skill level 1 in Evocations
 35448 | D:13     | Identified the +2 cloak "Vixzat" {Str+3 SInv}
 35680 | D:13     | Identified the +3 battleaxe of Zoyt {heavy, rN+++ Str-5
                  | SInv} (Trog gifted it to you on level 13 of the Dungeon)
 35680 | D:13     | Received a gift from Trog
 35985 | D:13     | Identified the ring of Fetita {*Slow rN++ Dex+6}
 36117 | D:13     | Found a gate to the Vaults.
 36355 | D:14     | Noticed Louise
 36358 | D:14     | Noticed Nessos
 36364 | D:14     | Killed Nessos
 36372 | D:14     | Killed Louise
 36379 | D:14     | Reached skill level 5 in Evocations
 37024 | Spider:4 | Entered Level 4 of the Spider Nest
 37646 | Spider:4 | Identified the +6 executioner's axe of the Shining Light
                  | {flame, Drain rF+ Stlth+} (Trog gifted it to you on level 4
                  | of the Spider Nest)
 37646 | Spider:4 | Received a gift from Trog
 37960 | Spider:4 | Got a gossamer rune of Zot
 38228 | Spider:4 | Noticed Angrytalen2's ghost (adept MiGl)
 38229 | Spider:4 | Noticed Teolag's ghost (adept TrMo)
 38250 | Spider:4 | Found a transporter.
 38256 | Spider:4 | Found a transporter.
 38337 | Spider:4 | Killed Angrytalen2's ghost
 38354 | Spider:4 | Killed Teolag's ghost
 39160 | Elf:3    | Entered Level 3 of the Elven Halls
 39184 | Elf:3    | Noticed a Hell Sentinel
 39277 | Elf:3    | Reached skill level 10 in Evocations
 39313 | Elf:3    | Received a gift from Trog
 39464 | Elf:3    | Found Deuntaiw's Jewellery Emporium.
 39492 | Elf:3    | Paralysed by an air elemental for 1 turns
 39495 | Elf:3    | Paralysed by an air elemental for 1 turns
 39711 | Elf:3    | Reached XP level 19. HP: 180/191 MP: 18/18
 39741 | Elf:3    | Identified the staff of fire "Ilor" {rPois rF+ Int-2 Dex+7}
 39755 | Elf:3    | Killed from afar by a deep elf sorcerer

Illustrated notes

Levels and vault maps discovered:
D:1:      matt_arrival_refuge, layout_loops_ring,
          shapermc_ecumenical_altar_pompeii, minmay_tromino_i2
D:2:      layout_basic
D:3:      layout_basic, mainiacjoe_overflow_small_starburst,
          nicolae_hepliaklqana_hazy_memory, serial_shops, shop,
          corexii_leaking_fountain, uniq_grinder
D:4:      layout_basic, mainiacjoe_overflow_alcove_1, grunt_temple_overflow_open
D:5:      layout_basic
D:6:      layout_loops_corners, kennysheep_generic_room_13, uniq_maggie,
          uniq_duvessa
D:7:      layout_loops_cross, minmay_temple_entry_drinking_statues,
          nicolae_ossuary_entry_plus
D:8:      layout_basic, serial_shops, nicolae_shop_industrial_runoff
D:9:      layout_irregular_city
D:10:     layout_irregular_city, mainiacjoe_overflow_brackets, david_orc_4,
          st_stairs_5
D:11:     minmay_coctagon, layout_irregular_city, erik_lair_orcish_takeover,
          minmay_starry_boxes
D:12:     layout_roguey, serial_glass, glass_columns_a, glass_columns_a
D:13:     layout_rooms, hangedman_vaults_entry_quadrant_bands
D:14:     layout_rooms, serial_park_paths [serial_park_minivault_5x5_1],
          uniq_nessos, uniq_louise
Lair:1:   layout_chaotic_city, minivault_27, st_stairs_7, minmay_holes
Lair:2:   layout_layer_cave, st_stairs_12, serial_bayou_pond_e,
          grunt_megastairs_3, infiniplex_staircase_pool_2, uniq_amaemon
Lair:3:   layout_layer_cave, palyth_hydra_swamp_entry,
          nicolae_spider_entry_orb_guardian, grunt_megastairs_5
Lair:4:   beast_lair_carwin_large_3, layout_loops_ring,
          nicolae_slime_entry_field_trip, serial_bayou_shore_a, uniq_josephine
Lair:5:   evilmike_catoblepas_cave, layout_misc_corridors, minivault_26
Swamp:1:  gammafunk_mikee_crab_dinner, layout_basic_swamp,
          nicolae_swamp_dense_foliage, uniq_nikola
Swamp:2:  layout_basic_swamp, ebering_ghost_rock_garden,
          nicolae_swamp_very_dense_foliage, uniq_frances
Swamp:3:  layout_basic_swamp, infiniplex_staircase_pool
Swamp:4:  swamp, layout_basic_swamp
Spider:1: layout_spider_delve, portal_ice_cave_entry_dragon,
          guppyfry_spider_mini_1
Spider:2: layout_spider_delve
Spider:3: layout_spider_delve
Spider:4: grunt_spider_rune_circles, nzn_ghost_randoct
Orc:1:    layout_caves, basic_altar
Orc:2:    hellmonk_orc_salted, layout_diamond_mine, ebering_ghost_xom,
          serial_shops, nicolae_shop_behind_doors,
          nicolae_shop_tiny_statue_garden, nicolae_shop_hallway_stairs
Elf:1:    nicolae_elf_arrival_no_cutting_in_line, layout_onion_city,
          serial_shops, shop, shop, nicolae_trove_entry_free_sample,
          minivault_28, grunt_ministairs_2
Elf:2:    nicolae_elf_blades_splatter_lattice [nicolae_blade_tridents],
          layout_geoelf_octagon, portal_desolation_entry_salt, minivault_27
Elf:3:    minmay_elf_hall_not_hex, layout_geoelf_octagon, serial_shops, shop

Skill      XL: |  1  2  3  4  5  6  7  8  9 10 11 12 13 14 15 16 17 18 19 |
---------------+----------------------------------------------------------+-----
Axes           | 4 5 6 7 8 10 12 14 16 18 20 | 20.9
Fighting       | 4 5 6 7 9 10 12 13 15 17 18 20 21 | 21.7
Armour         | 3 4 6 7 9 10 12 13 15 17 18 20 21 | 21.5
Dodging        | 5 9 12 13 14 | 14.0
Evocations     | 10 11 | 11.4

Action                     |  1- 3 |  4- 6 |  7- 9 | 10-12 | 13-15 | 16-18 | 19-21 || total
---------------------------+-------+-------+-------+-------+-------+-------+-------++-------
  Melee: Hand axe          |    89 |    69 |   392 |   202 |       |       |       ||   752
         Headbutt          |     5 |    15 |    73 |    71 |   118 |   206 |     5 ||   493
         Punch             |       |     1 |     1 |       |       |       |       ||     2
         Battleaxe         |       |       |       |   231 |   584 |   635 |    33 ||  1483
         Great mace        |       |       |       |       |    22 |       |       ||    22
         Executioner's axe |       |       |       |       |       |   255 |       ||   255
         Broad axe         |       |       |       |       |       |       |     1 ||     1
  Throw: Throwing net      |       |       |       |       |     1 |       |       ||     1
 Invoke: Berserk           |       |     2 |    10 |    15 |    10 |    13 |     1 ||    51
         Trog's Hand       |       |     2 |     4 |     7 |     4 |    12 |     1 ||    30
    Use: Scroll            |       |       |    15 |     9 |     6 |    19 |       ||    49
         Potion            |       |       |     8 |     4 |     6 |    10 |       ||    28
   Stab: Distracted        |       |       |       |       |       |     1 |       ||     1
 Armour: Animal skin       |     3 |       |       |       |       |       |       ||     3
         Chain mail        |    35 |    35 |   107 |       |       |       |       ||   177
         Swamp dragon scal |       |       |    27 |    28 |       |       |       ||    55
         Skin              |       |       |     1 |       |       |       |       ||     1
         Plate armour      |       |       |       |   136 |   449 |   700 |    28 ||  1313
  Dodge: Dodged            |    45 |    33 |   147 |   132 |   282 |   513 |    15 ||  1167
  Block: Kite shield       |       |       |    49 |   104 |       |       |       ||   153
         Reflection        |       |       |     1 |     7 |       |       |       ||     8
         Other             |       |       |       |    48 |    64 |       |       ||   112
